 Dungeon Crawl Stone Soup version 0.28.0-1-gb440e238dd (webtiles) character file.

Game seed: 17543667591845111590

296 spaghetti the Chopper (level 6, 0/42 HPs)
             Began as an Octopode Chaos Knight on Feb 20, 2022.
             Was a Plaything of Xom.
             Slain by Grinder (5 damage)
             ... on level 3 of the Dungeon.
             The game lasted 00:03:43 (3082 turns).

spaghetti the Chopper (Octopode Chaos Knight)       Turns: 3082, Time: 00:03:44

Health: 0/42       AC:  1    Str: 13    XL:     6   Next: 35%
Magic:  6/6        EV: 13    Int: 15    God:    Xom [.*....]
Gold:   102        SH:  0    Dex: 11    Spells: 5/5 levels left

rFire   . . .      SeeInvis .   a - +1 hand axe (flame)
rCold   . . .      Faith    .   (no shield)
rNeg    . . .      Spirit   .   (helmet restricted)
rPois   .          Reflect  .   (no amulet)
rElec   .          Harm     .   (no ring)
rCorr   .          Rampage  .   (no ring)
Will    .....                   (no ring)
Stlth   ++........              (no ring)
HPRegen 0.14/turn               (no ring)
MPRegen 0.10/turn               (no ring)
                                (no ring)
                                (no ring)

@: about to teleport
A: almost no armour, amphibious, 8 rings, camouflage 1, gelatinous body 1,
(nimble swimmer 1), tentacles
a: Renounce Religion


You were on level 3 of the Dungeon.
You worshipped Xom.
You were a plaything of Xom.
You visited 1 branch of the dungeon, and saw 3 of its levels.

You collected 102 gold pieces.

Inventory:

Hand Weapons
 a - a +1 hand axe of flaming (weapon)
Jewellery
 f - the ring "Hitism" {rF++ rN+ Will+ MP+9 Stlth-}
   (You found it on level 2 of the Dungeon)

   [ring of positive energy]

   rF:        It greatly protects you from fire.
   rN:        It protects you from negative energy.
   MP:        It affects your magic capacity (+9).
   Will:      It increases your willpower.
   Stlth:     It makes you less stealthy.
Scrolls
 d - 3 scrolls of identify


   Skills:
 - Level 3.0 Fighting
 + Level 6.9 Axes
 - Level 2.3 Dodging


You had 5 spell levels left.
You didn't know any spells.
Your spell library contained the following spells:

 Spells                   Type           Power      Damage    Failure   Level
 Foxfire                  Conj/Fire      0%         2x1d4     26%         1
 Conjure Flame            Conj/Fire      0%         6-21      63%         3
 Inner Flame              Hex/Fire       0%         N/A       63%         3
 Flame Wave               Conj/Fire      0%         2d4       95%         4


Dungeon Overview and Level Annotations

Branches:
Dungeon (3/15)

Altars:
Ashenzari
Fedhas
Xom

Annotations:
D:3 Grinder


Innate Abilities, Weirdness & Mutations

You cannot wear most types of armour.
You are amphibious.
You can wear up to eight rings at the same time.
Your skin changes colour to match your surroundings (Stealth+).
Your rubbery body absorbs attacks. (AC +1, EV +1)
((You are camouflaged when in or above water. (Stealth+)))
You have tentacles for arms and can constrict up to eight enemies at once.


Message History

Grinder gestures at you. You resist with significant effort.
Grinder says, "Mostly I couldn't keep them alive."
You closely miss Grinder. You grab Grinder.
You constrict Grinder, but do no damage.
Grinder hits you but does no damage.
You barely miss Grinder. You squeeze Grinder!
Grinder is moderately wounded.
You constrict Grinder. Grinder hits you!
You writhe in agony.
You barely miss Grinder. You squeeze Grinder, but do no damage.
Grinder is moderately wounded.
You hit the dart slug. You burn the dart slug. You constrict Grinder.
Grinder gestures at you.
You suddenly lose the ability to move!
You lose your grip on Grinder.
Grinder blinks!
The dart slug launches a dart at you. The slug dart hits you.
The rat bites you. The dart slug bites you. The rat bites you.
The rat bites you.
Grinder says, "Make like a tree!"
The dart slug bites you but does no damage.
Xom makes a sudden noise!
You hear distant weeping.
The rat bites you but does no damage. The dart slug launches a dart at you.
The slug dart hits you. The rat bites you. x2
The dart slug launches a dart at you. The slug dart hits you.
You can move again.
Unknown command.
Unknown command.
Unknown command.
As you read the scroll labelled ROWKUBO QASI, it crumbles to dust.
You feel strangely unstable.
It was a scroll of teleportation.
The rat closely misses you. Grinder hits you!
* * * LOW HITPOINT WARNING * * *
You writhe in agony.
You die...
Xom snickers!

#.......)..#...
#####.........####.
###..................
###..................##
#......##..##........##
......##>..##..##........##
...### #.......########..##
.. #....##.# ##.#.
####.r@.##.# ###...
......w5###.### #....#
..............# #.##.#
.........<.....#####.##..
.....................####
...............#######
...............#
..............#
.............#


You could see Grinder (resistant), a dart slug and a rat.

Vanquished Creatures
  An orc priest (D:3)
  Robin (D:2)
  An adder (D:3)
  6 dart slugs (D:1)
  7 orcs (D:3)
  2 endoplasms
  4 giant cockroaches
  3 hobgoblins
  6 jackals
  8 kobolds
  A quokka (D:2)
  4 ball pythons
  7 bats
  2 frilled lizards
  12 goblins (D:2)
  6 rats
71 creatures vanquished.

Vanquished Creatures (collateral kills)
  Sigmund (D:2)
1 creature vanquished.

Grand Total: 72 creatures vanquished

Notes
Turn   | Place    | Note
-------+----------+-------------------------------------------
     0 | D:1      | spaghetti the Octopode Chaos Knight began the quest for the
                  | Orb.
     0 | D:1      | Reached XP level 1. HP: 16/16 MP: 1/1
    14 | D:1      | XOM: divination: magic mapping
   268 | D:1      | Reached XP level 2. HP: 19/21 MP: 2/2
   510 | D:1      | XOM: silly message
   814 | D:1      | Reached skill level 4 in Axes
   889 | D:1      | Reached XP level 3. HP: 26/26 MP: 3/3
  1259 | D:1      | XOM: noise
  1320 | D:1      | Found a faded altar of an unknown god.
  1460 | D:2      | Identified the ring "Hitism" {rF++ rN+ Will+ MP+9 Stlth-}
  1469 | D:2      | Found a shimmering altar of Xom.
  1476 | D:2      | Noticed Robin
  1488 | D:3      | Noticed Grinder
  1499 | D:2      | Killed Robin
  1499 | D:2      | XOM: butterfly on damage
  1500 | D:2      | Reached XP level 4. HP: 23/31 MP: 4/4
  1563 | D:2      | Reached skill level 5 in Axes
  1682 | D:2      | Noticed Sigmund
  1689 | D:2      | XOM: summons friendly white imp
  1700 | D:2      | Killed Sigmund
  1701 | D:2      | Reached skill level 6 in Axes
  1701 | D:2      | Reached XP level 5. HP: 6/36 MP: 5/5
  1701 | D:2      | Reached XP level 6. HP: 7/42 MP: 6/6
  2020 | D:2      | XOM: 5-stop teleportation journey
  2043 | D:2      | XOM: 1-stop teleportation journey
  2214 | D:3      | XOM: 4-stop teleportation journey
  2262 | D:3      | XOM: butterfly on damage
  2267 | D:3      | XOM: confuse monster(s)
  2269 | D:3      | XOM: give mutations
  2269 | D:3      | Gained mutation: You sometimes lose the ability to read
                  | scrolls when taking damage. [Xom's mischief]
  2269 | D:3      | Lost mutation: You sometimes lose the ability to read
                  | scrolls when taking damage. [Xom's mischief]
  2316 | D:2      | XOM: cloud trail
  2854 | D:3      | Found a blossoming altar of Fedhas.
  2886 | D:3      | Found a broken altar of Ashenzari.
  3019 | D:3      | Identified the +0 pair of boots of Pride {Int+4}
  3074 | D:3      | Paralysed by Grinder for 7 turns
  3079 | D:3      | XOM: noise
  3082 | D:3      | Slain by Grinder

Illustrated notes

Levels and vault maps discovered:
D:1:      onia_arrival_pyramid, layout_basic,
          dreamdust_ecumenical_altar_angels_and_demons
D:2:      layout_rooms, basic_altar, serial_glass, glass_columns_a,
          glass_columns_a, uniq_sigmund, uniq_robin
D:3:      layout_rooms, mainiacjoe_overflow_surrounded_room,
          nicolae_ashenzari_skybound, uniq_grinder

Skill      XL: |  1  2  3  4 |
---------------+-------------+-----
Axes           | 4 6 |  6.9
Fighting       | |  3.0
Dodging        | |  2.3

Action                   |  1- 3 |  4- 6 || total
-------------------------+-------+-------++-------
Melee: Hand axe          |    59 |    63 ||   122
       Constrict         |    16 |    18 ||    34
       Tentacles         |    13 |    10 ||    23
       Punch             |       |     2 ||     2
  Use: Potion            |     1 |     1 ||     2
       Scroll            |       |     5 ||     5
 Stab: Sleeping          |     7 |     3 ||    10
       Paralysed         |     1 |       ||     1
Armor: Skin              |     8 |     6 ||    14
Dodge: Dodged            |    41 |    39 ||    80
